 Dungeon Crawl Stone Soup version 0.21.1-1-g345015f (webtiles) character file.

11643 HammerPanzer the Basher (level 11, -2/104 HPs)
             Began as a Minotaur Berserker on Mar 30, 2018.
             Was a High Priest of Trog.
             Slain by an orc warrior
             ... wielding a +0 glaive
              (12 damage)
             ... on level 11 of the Dungeon.
             The game lasted 00:34:09 (9466 turns).

HammerPanzer the Basher (Minotaur Berserker)        Turns: 9466, Time: 00:34:11

Health: -2/104     AC: 10    Str: 24    XL:     11   Next: 52%
Magic:  10/10      EV: 11    Int:  5    God:    Trog [*****.]
Gold:   600        SH:  0    Dex: 10    Spells: 10/10 levels left

rFire    . . .     SeeInvis +   I - +4 scimitar (flame)
rCold    . . .     Gourm    .   (no shield)
rNeg     . . .     Faith    .   M - +2 ring mail of Cocytus {MR+ SInv}
rPois    +         Spirit   .   (helmet restricted)
rElec    .         Reflect  .   C - +2 cloak {rPois}
rCorr    +         Harm     .   (no gloves)
MR       +....                  (no boots)
Stlth    ..........             (no amulet)
HPRegen  0.27/turn              E - ring of resist corrosion
MPRegen  0.12/turn              q - +6 ring of slaying

@: berserk cooldown, slowed, heavily drained, very slow
A: retaliatory headbutt, horns 2
a: Berserk, Trog's Hand, Brothers in Arms, Burn Spellbooks, Renounce Religion


You were on level 11 of the Dungeon.
You worshipped Trog.
Trog was extremely pleased with you.
You were hungry.

You visited 2 branches of the dungeon, and saw 12 of its levels.

You collected 600 gold pieces.

Inventory:

Hand Weapons
 a - a +0 dire flail of draining
 s - the +1 falchion "Xistuem" {slice, rC+}
   (You found it on level 5 of the Dungeon)

   It inflicts extra damage upon your enemies.
   It protects you from cold.
 y - a +0 flail
 G - a +1 antimagic great sword
 I - a +4 scimitar of flaming (weapon)
Missiles
 n - 4 tomahawks (quivered)
Armour
 d - a +0 chain mail
 l - a +0 shield
 C - a +2 cloak of poison resistance (worn)
 M - the +2 ring mail of Cocytus (worn) {MR+ SInv}
   (You found it on level 9 of the Dungeon)

   It affects your resistance to hostile enchantments.
   It lets you see invisible.
Jewellery
 b - an uncursed ring of stealth
 q - a +6 ring of slaying (right hand)
 E - a ring of resist corrosion (left hand)
 K - an uncursed ring of magical power {unknown}
 N - a +2 amulet of reflection {unknown}
Wands
 m - a wand of flame (21)
 w - a wand of iceblast (2)
 A - a wand of digging (25)
Scrolls
 f - 2 scrolls of blinking
 j - 2 scrolls of teleportation
 u - 11 scrolls of remove curse
 z - 4 scrolls of magic mapping
 J - 2 scrolls of identify
Potions
 e - a potion of might
 g - a potion of agility
 h - a potion of resistance {unknown}
 i - 2 potions of brilliance
 k - 6 potions of curing
 o - 4 potions of invisibility
 p - 3 potions of haste
 r - a potion of ambrosia {unknown}
 t - 2 potions of heal wounds {unknown}
 v - a potion of degeneration {unknown}
 x - 2 potions of flight {unknown}
 B - a potion of mutation {unknown}
 H - a potion of berserk rage {unknown}
Comestibles
 c - 9 rations


   Skills:
 + Level 12.1(10.5) Fighting
 * Level 11.9(10.4) Long Blades
 + Level 13.8(12.2) Maces & Flails
 - Level 2.9(1.7) Armour
 - Level 2.5(1.3) Dodging
 - Level 0.1(0.0) Stealth


You had 10 spell levels left.
You didn't know any spells.

Dungeon Overview and Level Annotations

Branches:
Dungeon (11/15)            Temple (1/1) D:7
   Lair: D:8-11         Orc: D:9-12

Altars:
Ashenzari
Cheibriados
Dithmenos
Elyvilon
Fedhas
Gozag
Hepliaklqana
Kikubaaqudgha
Makhleb
Nemelex Xobeh
Okawaru
Qazlal
Ru
Sif Muna
Trog
Uskayaw
Vehumet
Wu Jian
Xom
Yredelemnul
Zin
The Shining One

Shops:
D:7 [   D:10 (?[*   D:11 }

Annotations:
D:3 1 runed door
D:10 exclusion: oklob plant


Innate Abilities, Weirdness & Mutations

You reflexively headbutt those who attack you in melee.
You have a pair of horns on your head.


Message History

a mace; a leather armour; an orc corpse Josephine casts a spell at you.
The ghostly flame explodes!
The ghostly fireball engulfs you!
You feel drained.
* * * LOW HITPOINT WARNING * * *
You hear a shout!
Josephine points at you and mumbles some strange words.
The ghostly flame explodes!
The ghostly fireball engulfs you!
You feel drained.
* * * LOW HITPOINT WARNING * * *
You hear a shout!
You hear an angry hiss.
There is a stone staircase leading up here.
You see here a stone.
You barely miss Josephine.
You kill Josephine!
Trog accepts your kill.
Trog appreciates your killing of a magic user.
Your base Fighting skill increases to level 12!
The orc warrior hits you from afar with a glaive!
* * * LOW HITPOINT WARNING * * *
The orc warrior hits you with a glaive!
You die...

...... .).....
...@.. .......
.o... ..... #...#
#...# .##..o. ...
....... #.# #
.....oo#####.##.#
#.YYY)YWo@(((#
#..p#####†####
....... ## #.#
....... ..##.#
##..... #.##.#
#..... #.##.#
....... #.##.#
......# #.##.#
##.##.#


You could see 4 yaks, a human, a wraith, an orc warrior, an orc priest and an
orc.

Vanquished Creatures
  Josephine (D:11)
  A catoblepas (D:9)
  A centaur warrior (D:11)
  A two-headed ogre (D:11)
  The ghost of
  1994 the Ruffian, a novice DrTm of Okawaru (D:8)
  Pikel (D:5)
  Joseph (D:10)
  A komodo dragon (D:8)
  An efreet (D:8)
  A troll (D:11)
  A meliai (shapeshifter) (D:11)
  A hornet (D:8)
  The ghost of Redear the Changer, an amateur DrTm (D:4)
  A hippogriff (D:7)
  A spriggan (D:7)
  A yak (D:11)
  A wraith (D:11)
  2 hungry ghosts
  A vampire mosquito (D:9)
  Edmund (D:4)
  A soldier ant (D:11)
  3 orc warriors
  2 black bears
  5 sky beasts
  4 ice beasts
  2 ogres
  6 phantoms
  6 centaurs
  3 big kobolds
  5 bullfrogs
  3 scorpions
  7 killer bees (D:9)
  An electric eel (D:8)
  A centaur zombie (D:6)
  2 bullfrog zombies
  4 crimson imps
  A quasit (D:9)
  4 hounds
  A bullfrog skeleton (D:5)
  Crazy Yiuf (D:5)
  2 jellies
  5 orc priests
  3 centaur skeletons
  4 iguanas
  15 orc wizards
  6 worker ants
  2 hound zombies
  2 hound skeletons
  4 gnolls (D:4)
  2 howler monkey skeletons
  13 adders
  3 shadow imps
  An adder skeleton (D:7)
  A dart slug (D:4)
  3 worms
  5 leopard geckos
  43 orcs
  3 ball pythons
  5 giant cockroaches
  10 goblins
  5 hobgoblins
  8 jackals
  21 kobolds
  3 quokkas
  5 bats
  2 frilled lizards
  A jackal zombie (D:8)
  A rat (D:2)
  2 butterflies (D:7)
263 creatures vanquished.

Vanquished Creatures (others)
  A worker ant (D:5)
  A shadow imp (D:5)
  2 jackals (D:5)
  13 toadstools (D:10)
17 creatures vanquished.

Grand Total: 280 creatures vanquished

Notes
Turn   | Place    | Note
-------+----------+-------------------------------------------
     0 | D:1      | HammerPanzer the Minotaur Berserker began the quest for the Orb.
     0 | D:1      | Reached XP level 1. HP: 19/19 MP: 0/0
    98 | D:1      | Found a shattered altar of Ashenzari.
   210 | D:1      | Reached XP level 2. HP: 27/27 MP: 1/1
   247 | D:1      | Reached skill level 4 in Maces & Flails
   620 | D:2      | Reached XP level 3. HP: 26/33 MP: 2/2
   925 | D:2      | Reached ** piety under Trog
  1040 | D:2      | Found a radiant altar of Vehumet.
  1369 | D:3      | Found a runed door.
  1370 | D:3      | Found a glowing silver altar of Zin.
  1370 | D:3      | Noticed an angel
  1519 | D:3      | Reached XP level 4. HP: 41/41 MP: 3/3
  1567 | D:4      | Reached skill level 5 in Maces & Flails
  1784 | D:4      | Reached skill level 5 in Fighting
  1784 | D:4      | Reached XP level 5. HP: 48/48 MP: 4/4
  1788 | D:4      | Noticed an ogre
  1796 | D:4      | Killed an ogre
  1796 | D:4      | Reached skill level 6 in Maces & Flails
  1803 | D:4      | Reached XP level 6. HP: 6/56 MP: 5/5
  2230 | D:4      | Reached skill level 7 in Maces & Flails
  2277 | D:4      | Found a shadowy altar of Dithmenos.
  2326 | D:4      | Noticed Redear's ghost (amateur DrTm)
  2332 | D:4      | Killed Redear's ghost
  2332 | D:4      | Reached XP level 7. HP: 64/64 MP: 6/6
  2334 | D:4      | Reached skill level 8 in Maces & Flails
  2407 | D:4      | Noticed Edmund
  2418 | D:4      | Killed Edmund
  2891 | D:5      | Entered Level 5 of the Dungeon
  2903 | D:5      | Reached *** piety under Trog
  2907 | D:5      | Reached skill level 9 in Maces & Flails
  2946 | D:5      | Found a runed door.
  2950 | D:5      | Noticed Crazy Yiuf
  2957 | D:5      | Killed Crazy Yiuf
  3178 | D:5      | Reached XP level 8. HP: 73/73 MP: 7/7
  3277 | D:5      | Noticed Pikel
  3292 | D:5      | Killed Pikel
  3292 | D:5      | Reached skill level 10 in Maces & Flails
  3430 | D:5      | Found an ancient bone altar of Kikubaaqudgha.
  3433 | D:5      | Found a stormy altar of Qazlal.
  3436 | D:5      | Found a glowing golden altar of the Shining One.
  3452 | D:5      | Reached skill level 11 in Maces & Flails
  3766 | D:5      | Got a steaming falchion
  3966 | D:5      | Reached **** piety under Trog
  4026 | D:5      | Identified the cursed +1 falchion "Xistuem" {slice, rC+} (You found it on level 5 of the Dungeon)
  4315 | D:6      | Reached skill level 1 in Long Blades
  4315 | D:6      | Reached XP level 9. HP: 82/82 MP: 8/8
  4330 | D:6      | Found a sparkling altar of Nemelex Xobeh.
  4843 | D:6      | Found a shimmering altar of Xom.
  4844 | D:6      | Found a burning altar of Makhleb.
  5264 | D:7      | Found a staircase to the Ecumenical Temple.
  5274 | Temple   | Entered the Ecumenical Temple
  5435 | D:7      | Reached ***** piety under Trog
  5623 | D:7      | Reached skill level 5 in Long Blades
  5633 | D:7      | Found Kickuse's Armour Shoppe.
  5663 | D:7      | Reached skill level 12 in Maces & Flails
  6050 | D:8      | Found a transporter.
  6057 | D:8      | Reached skill level 10 in Fighting
  6063 | D:8      | Noticed an efreet
  6149 | D:8      | Noticed a komodo dragon
  6251 | D:8      | Noticed 1994's ghost (novice DrTm)
  6262 | D:8      | Killed 1994's ghost
  6262 | D:8      | Reached XP level 10. HP: 93/93 MP: 9/9
  7079 | D:8      | Found a bloodstained altar of Trog.
  7087 | D:8      | Found a transporter.
  7331 | D:9      | Noticed a catoblepas
  7335 | D:9      | Killed a catoblepas
  7335 | D:9      | Reached skill level 13 in Maces & Flails
  7395 | D:9      | Found an ornate altar of the Wu Jian Council.
  7431 | D:9      | Received a gift from Trog
  7596 | D:9      | Reached skill level 10 in Long Blades
  7776 | D:9      | Got a bloodstained ring mail
  7977 | D:9      | Identified the +2 ring mail of Cocytus {MR+ SInv} (You found it on level 9 of the Dungeon)
  8006 | D:10     | Entered Level 10 of the Dungeon
  8006 | D:10     | Noticed Joseph
  8016 | D:10     | Killed Joseph
  8081 | D:10     | Reached XP level 11. HP: 102/102 MP: 10/10
  8193 | D:10     | Found Cyazomo's Weapon Shoppe.
  8302 | D:10     | Found a blossoming altar of Fedhas.
  8325 | D:10     | Noticed an oklob plant
  8442 | D:10     | Found Qugaxzyss's General Store.
  8490 | D:10     | Found Felor's Antique Armour Boutique.
  8544 | D:10     | Found Adathaj's Magic Scroll Shoppe.
  8566 | D:10     | Found Veif's Magic Scroll Boutique.
  8778 | D:11     | Noticed a two-headed ogre
  8781 | D:11     | Killed a two-headed ogre
  8886 | D:11     | Noticed a two-headed ogre
  8907 | D:11     | Found Uruuck's Gadget Emporium.
  8911 | D:11     | Noticed an orb spider
  8912 | D:11     | Noticed a centaur warrior
  9222 | D:11     | Killed a centaur warrior
  9232 | D:11     | an orb spider changed into a meliai
  9444 | D:11     | Noticed Josephine
  9465 | D:11     | Killed Josephine
  9466 | D:11     | Slain by an orc warrior

Skill      XL: |  1  2  3  4  5  6  7  8  9 10 11 |
---------------+----------------------------------+-----
Fighting       | 4 5 6 7 8 10 11 12 | 12.1
Maces & Flails | 4 5 6 7 9 11 12 13 | 13.8
Long Blades    | 1 7 10 11 | 11.9
Armour         | |  2.9
Dodging        | |  2.5
Stealth        | |  0.1

Action                   |  1- 3 |  4- 6 |  7- 9 | 10-12 || total
-------------------------+-------+-------+-------+-------++-------
Melee: Mace              |    79 |    36 |       |       ||   115
       Headbutt          |     8 |    12 |    60 |    29 ||   109
       Flail             |       |    15 |    96 |       ||   111
       Falchion          |       |       |   142 |    38 ||   180
       Scimitar          |       |       |       |   142 ||   142
Throw: Tomahawk          |       |       |       |     6 ||     6
Invok: Berserk           |       |     2 |     3 |     6 ||    11
       Burn Spellbooks   |       |       |     2 |     1 ||     3
  Use: Scroll            |       |       |    14 |     4 ||    18
  Eat: Chunk             |     2 |     1 |    13 |    12 ||    28
       Ration            |       |     1 |     1 |     1 ||     3
Armor: Chain mail        |    65 |    21 |    94 |    36 ||   216
       Ring mail         |       |       |       |    23 ||    23
Dodge: Dodged            |    34 |     8 |    45 |    70 ||   157
Block: Shield            |     3 |    19 |    54 |    19 ||    95
       Rpst.: Falchion   |       |       |     9 |       ||     9
       Scimitar          |       |       |       |    12 ||    12
